 Dungeon Crawl Stone Soup version 0.31-a0-1626-g5cb510d322 (webtiles) character file.

Game seed: 9313369317499790431

1653 Newt the Skirmisher (level 9, 0/17 (54) HPs)
             Began as a Kobold Hunter on Jan 11, 2024.
             Was an Initiate of Hepliaklqana.
             Slain by foxglove's ghost (1 damage)
             ... on level 6 of the Dungeon on Jan 12, 2024.
             The game lasted 00:07:02 (6595 turns).

Newt the Skirmisher (Kobold Hunter)                 Turns: 6595, Time: 00:07:02

HP:   0/17 (54)     AC: 10    Str:  8    XL:     9   Next: 19%
MP:   9/9           EV: 19    Int: 11    God:    Hepliaklqana [......]
Gold: 1276          SH:  0    Dex: 22    Spells: 8/8 levels left

rFire   + . .        a - +2 shortbow (flame)
rCold   . . .        (shield currently unavailable)
rNeg    . . .        p - +0 leather armour {rF+}
rPois   .            (no helmet)
rElec   .            k - +1 cloak
rCorr   .            (no gloves)
SInv    .            g - +0 pair of boots
Will    .....        (no amulet)
Stlth   ++           i - +4 ring of protection
HPRegen 0.22/turn    (no ring)
MPRegen 0.11/turn

%: no passive effects
@: confused, extremely drained
A: small, no large weapons, nightstalker 3
a: Renounce Religion


You were on level 6 of the Dungeon.
You worshipped Hepliaklqana.
Hepliaklqana was noncommittal.
You visited 2 branches of the dungeon, and saw 7 of its levels.

You collected 1276 gold pieces.

Inventory:

Hand Weapons
 a - a +2 shortbow of flaming (weapon)
Armour
 c - a +0 leather armour
 g - a +0 pair of boots (worn)
 k - a +1 cloak (worn)
 p - a +0 leather armour of fire resistance (worn)
Jewellery
 i - a +4 ring of protection (left hand)
Wands
 f - a wand of flame (7)
 q - a wand of paralysis (14)
Scrolls
 b - a scroll of butterflies
 d - 3 scrolls of blinking
 s - a scroll of enchant armour
 t - a scroll of immolation
Potions
 e - 2 potions of resistance
 h - 3 potions of degeneration
 j - a potion of lignification
 m - 2 potions of berserk rage
 n - 3 potions of might
 o - a potion of curing


   Skills:
 - Level 5.0 Fighting
 + Level 11.1 Ranged Weapons
 - Level 7.0 Dodging
 - Level 1.3 Stealth
 - Level 5.0 Evocations


You had 8 spell levels left.
You didn't know any spells.
Your spell library contained the following spells:

 Spells                   Type           Power      Damage    Failure   Level
 Call Canine Familiar     Summ           0%         N/A       83%         3
 Hailstorm                Conj/Ice       0%         3d5       83%         3
 Passwall                 Erth           0%         N/A       83%         3
 Sigil of Binding         Hex            0%         N/A       83%         3
 Summon Ice Beast         Ice/Summ       0%         N/A       83%         3
 Dimensional Bullseye     Hex/Tloc       0%         N/A       99%         4
 Borgnjor's Vile Clutch   Necr/Erth      0%         N/A       100%        5
 Metabolic Englaciation   Hex/Ice        0%         N/A       100%        5
 Sculpt Simulacrum        Ice/Alch       0%         N/A       100%        6


Dungeon Overview and Level Annotations

Branches:
Dungeon (6/15)             Temple (1/1) D:4

Altars:
Cheibriados
Dithmenos
Elyvilon
Fedhas
Gozag
Hepliaklqana
Kikubaaqudgha
Nemelex Xobeh
Okawaru
Qazlal
Ru
Sif Muna
Trog
Vehumet
Xom
Yredelemnul
Zin
The Shining One

Shops:
D:6 [

Annotations:
D:6 foxglove's ghost, novice DsAl


Innate Abilities, Weirdness & Mutations

You are small and have problems with some larger weapons.
You are completely attuned to the shadows.


Message History

You shoot an arrow.
You are engulfed in noxious fumes.
You choke on the stench!
You are more confused.
Foxglove's ghost points at you and mumbles some strange words.
The ball explodes into a vile cloud!
The stinking cloud engulfs you but does no damage.
The stinking cloud engulfs foxglove's ghost but does no damage.
You shoot an arrow. The arrow hits foxglove's ghost!
Foxglove's ghost is moderately damaged.
You are engulfed in noxious fumes.
Foxglove's ghost keens inconsolably.
Foxglove's ghost gestures at you while chanting.
The ball explodes into a vile cloud!
The stinking cloud engulfs you but does no damage.
The stinking cloud engulfs foxglove's ghost but does no damage.
You shoot an arrow. The arrow hits foxglove's ghost.
The arrow burns foxglove's ghost.
Foxglove's ghost is moderately damaged.
You are engulfed in noxious fumes.
Foxglove's ghost barely misses you.
You shoot an arrow.
You are engulfed in noxious fumes.
Foxglove's ghost closely misses you.
You shoot an arrow.
You are engulfed in noxious fumes.
Foxglove's ghost hits you.
You feel drained.
You shoot an arrow.
You are engulfed in noxious fumes.
You choke on the stench!
You are more confused.
You shoot an arrow.
You are engulfed in noxious fumes.
You choke on the stench!
You are more confused.
Foxglove's ghost hits you.
* * * LOW HITPOINT WARNING * * *
You feel drained.
* * * LOW HITPOINT WARNING * * *
You shoot an arrow. Foxglove's ghost barely misses you.
You shoot an arrow.
Foxglove's ghost points at you and mumbles some strange words.
The ball explodes into a vile cloud!
The stinking cloud engulfs you but does no damage.
The stinking cloud engulfs foxglove's ghost but does no damage.
You shoot an arrow.
You are engulfed in noxious fumes.
You choke on the stench!
You are more confused.
Foxglove's ghost hits you.
You die...

....# #####'#.....#.##########
....######..>....................
.........'......)......####......
....######.........#.............
....# #.).......#########.....
....# ##.........#○.☼W☼# #.....
....# ####.#####.#.###.# #.....
##### ###..#####.#.###.# #.....
####..☼.§##@§.....#°# #.....
#.....§..ZW°○...#.#.# #.....
#.###°○'###....(#.#°# #.....
#.#...○...#...###.#.# #..... ###
#.##.....##.....#.#§# ###### ..#
#.#.......#...#.#○.§# #.#
#.##.$$..##..°#.##### #.#
###..#.#..#+###.#
#.######*******#.....#


You could see a spectral howler monkey and foxglove's ghost.

Vanquished Creatures
  2 unseen horror zombies (D:6)
  A black bear (D:6)
  An ice beast (D:6)
  A centaur (D:5)
  A bullfrog (D:6)
  A gnoll sergeant (D:6)
  2 bombardier beetles
  2 hounds
  A gnoll bouda (D:6)
  3 orc priests
  A sleepcap (D:6)
  A jelly (D:4)
  Ijyb (D:5)
  4 iguanas
  Natasha (D:2)
  3 orc wizards
  10 gnolls (D:6)
  4 adders
  2 ufetubi (D:6)
  A dart slug (D:2)
  A ribbon worm (D:2)
  11 orcs
  3 endoplasms
  3 giant cockroaches
  7 goblins
  8 hobgoblins
  4 jackals (D:1)
  5 quokkas
  6 ball pythons
  6 bats
  2 frilled lizards
  4 kobolds
  7 rats
110 creatures vanquished.

Notes
Turn   | Place    | Note
-------+----------+-------------------------------------------
     0 | D:1      | Newt the Kobold Hunter began the quest for the Orb.
     0 | D:1      | Reached XP level 1. HP: 12/12 MP: 1/1
    72 | D:1      | Reached XP level 2. HP: 18/18 MP: 2/2
   953 | D:2      | Reached XP level 3. HP: 23/23 MP: 3/3
  1433 | D:2      | Noticed Natasha
  1437 | D:2      | Killed Natasha
  1438 | D:2      | Reached XP level 4. HP: 30/30 MP: 4/4
  1940 | D:3      | Found a faded altar of an unknown god.
  2013 | D:3      | Found a radiant altar of Vehumet.
  2304 | D:3      | Found an opulent altar of Gozag.
  2331 | D:3      | Reached skill level 5 in Fighting
  2352 | D:3      | Got Berrout's Atlas of Oromancy and the Winter
  2870 | D:4      | Found a stormy altar of Qazlal.
  2907 | D:4      | Reached XP level 5. HP: 35/35 MP: 5/5
  3012 | D:4      | Found Buries's Weapon Shoppe.
  3192 | D:4      | Reached skill level 6 in Ranged Weapons
  3298 | D:4      | Found a staircase to the Ecumenical Temple.
  3308 | Temple   | Entered the Ecumenical Temple
  3680 | D:4      | Found a white marble altar of Elyvilon.
  3748 | D:4      | Found a glowing golden altar of the Shining One.
  3828 | D:4      | Reached skill level 7 in Ranged Weapons
  3828 | D:4      | Reached XP level 6. HP: 40/40 MP: 6/6
  4128 | D:5      | Entered Level 5 of the Dungeon
  4338 | D:5      | Noticed Ijyb
  4343 | D:5      | Killed Ijyb
  4421 | D:5      | Found a hazy altar of Hepliaklqana.
  4529 | D:5      | Reached skill level 8 in Ranged Weapons
  4600 | D:5      | Became a worshipper of Hepliaklqana the Forgotten
  4706 | D:5      | Reached XP level 7. HP: 44/44 MP: 7/7
  4733 | D:5      | Reached skill level 9 in Ranged Weapons
  4874 | D:5      | You fall into a shaft and drop 1 floor!
  5127 | D:6      | Found Akoun's Armour Shop.
  5163 | D:6      | Reached skill level 5 in Dodging
  5194 | D:6      | Identified a scroll of acquirement
  5194 | D:6      | Acquired 1032 gold pieces
  5350 | D:6      | Reached XP level 8. HP: 49/49 MP: 8/8
  5467 | D:6      | Found a runed translucent gate.
  5509 | D:6      | Found a runed translucent gate.
  5510 | D:6      | Found a runed translucent gate.
  5605 | D:6      | Found a bloodstained altar of Trog.
  5819 | D:6      | Found a shadowy altar of Dithmenos.
  5980 | D:6      | Found a shimmering blue altar of Sif Muna.
  6184 | D:6      | Reached skill level 5 in Evocations
  6192 | D:6      | Reached skill level 11 in Ranged Weapons
  6192 | D:6      | Reached XP level 9. HP: 24/54 MP: 9/9
  6393 | D:6      | Upgraded the game from 0.31-a0-1620-gcbf77bbcfc to
                  | 0.31-a0-1626-g5cb510d322
  6398 | D:6      | Noticed foxglove's ghost (novice DsAl)
  6595 | D:6      | Slain by foxglove's ghost

Illustrated notes

Levels and vault maps discovered:
D:1:      lightli_arrival_farm, layout_basic
D:2:      layout_loops_corners, minmay_hexomino_u4, uniq_natasha
D:3:      layout_basic, grunt_gozag_statues, vehumet_altar_wand_db,
          shapermc_ecumenical_altar_mp_highgroup
D:4:      layout_basic, nicolae_elyvilon_temple_path,
          mainiacjoe_overflow_divided_tiny,
          minmay_temple_entry_statues_fountains, serial_shops, shop
D:5:      layout_loops_corners, nicolae_hepliaklqana_hazy_memory,
          minmay_hedge_maze, uniq_ijyb
D:6:      layout_basic, nicolae_dithmenos_the_darkroom,
          nicolae_sif_muna_little_library, general_overflow_altar, serial_shops,
          kennysheep_mini_moat, gammafunk_ghost_necromancy
Temple:   chequers_temple_sunken

Skill      XL: |  1  2  3  4  5  6  7  8 |
---------------+-------------------------+-----
Fighting       | 3 4 5 |  5.0
Ranged Weapons | 7 8 9 11 | 11.1
Dodging        | 6 7 |  7.0
Evocations     | 5 |  5.0
Stealth        | |  1.3

Action                     |  1- 3 |  4- 6 |  7- 9 || total
---------------------------+-------+-------+-------++-------
  Melee: Shortbow          |       |       |    13 ||    13
   Fire: Shortbow          |    93 |    88 |   199 ||   380
    Use: Scroll            |     5 |    11 |     4 ||    20
         Potion            |       |       |     1 ||     1
 Armour: Leather armour    |    15 |    17 |   113 ||   145
  Dodge: Dodged            |    40 |    16 |   170 ||   226

Table legend: (Time is in decaauts)
 A = Elapsed time spent in this place.
 B = Non-inter-level travel time spent in this place.
 C = Inter-level travel time spent in this place.
 D = Time resting spent in this place.
 E = Time spent auto-exploring this place.
 F = Levels seen in this place.
 G = Mean time per level.
                   A        B        C        D        E       F      G
               +--------+--------+--------+--------+--------+-----+--------+
         Total |   6638 |   6269 |    369 |    607 |   4866 |   7 |  948.3 |
       Dungeon |   6636 |   6269 |    367 |    607 |   4866 |   6 | 1106.0 |
        Temple |      1 |      0 |      1 |      0 |      0 |   1 |    1.0 |
               +--------+--------+--------+--------+--------+-----+--------+

Top non-repeatable levels by time:
     D:6: 1704 daAuts
     D:4: 1275 daAuts
     D:3: 985 daAuts
     D:2: 966 daAuts
     D:1: 958 daAuts
     D:5: 745 daAuts
  Temple: 1 daAuts
